 Dungeon Crawl Stone Soup version 0.28.0 (webtiles) character file.

Game seed: 11903541227444730737

91 oldriver the Skirmisher (level 4, -3/38 HPs)
             Began as a Formicid Abyssal Knight on Feb 11, 2022.
             Was a Follower of Lugonu.
             Splashed by a jelly's acid (10 damage)
             ... on level 3 of the Dungeon.
             The game lasted 00:02:57 (2950 turns).

oldriver the Skirmisher (Formicid Abyssal Knight)   Turns: 2950, Time: 00:02:59

Health: -3/38      AC: -5    Str: 19    XL:     4   Next: 87%
Magic:  5/5        EV:  5    Int: 10    God:    Lugonu [*.....]
Gold:   25         SH:  0    Dex: 11    Spells: 3/3 levels left

rFire   . . .      SeeInvis +   a - +1 spear
rCold   . . .      Faith    .   (no shield)
rNeg    . . .      Spirit   .   e - +0 plate armour
rPois   .          Reflect  .   (helmet unavailable)
rElec   .          Harm     .   (no cloak)
rCorr   .          Rampage  .   (no gloves)
Will    .....                   (no boots)
Stlth   ..........              j - amulet of regeneration
HPRegen 0.92/turn               (no ring)
MPRegen 0.09/turn               (no ring)

@: corroded
A: permanent stasis, dig shafts and tunnels, antennae 3, four strong arms
a: Dig, Shaft Self, Renounce Religion, Depart the Abyss


You were on level 3 of the Dungeon.
You worshipped Lugonu.
Lugonu was aware of your devotion.
You visited 1 branch of the dungeon, and saw 3 of its levels.
You visited the Abyss 1 time.

You collected 25 gold pieces.

Inventory:

Hand Weapons
 a - a +1 spear (weapon)
 b - a +0 hunting sling
Missiles
 f - 28 stones (quivered)
Armour
 e - a +0 plate armour (worn)
Jewellery
 j - an amulet of regeneration (around neck)
Scrolls
 c - 3 scrolls of teleportation {unknown}
 d - a scroll of noise {unknown}
 g - 3 scrolls of identify {unknown}
 k - a scroll of immolation {unknown}
Potions
 h - a potion of invisibility {unknown}
 i - a potion of flight {unknown}


   Skills:
 + Level 4.7 Fighting
 + Level 3.5 Polearms
 - Level 2.1 Armour
 - Level 0.8 Dodging
 - Level 2.1 Invocations


You had 3 spell levels left.
You didn't know any spells.
Your spell library contained the following spells:

 Spells                   Type           Power      Damage    Failure   Level
 Magic Dart               Conj           0%         1d3       100%        1
 Slow                     Hex            0%         N/A       100%        1
 Ensorcelled Hibernation  Hex/Ice        0%         N/A       100%        2
 Searing Ray              Conj           0%         2d4       100%        2
 Confusing Touch          Hex            0%         N/A       100%        3
 Spider Form              Tmut/Pois      0%         N/A       100%        3
 Vampiric Draining        Necr           0%         2d6       100%        3
 Anguish                  Hex/Necr       0%         N/A       100%        4
 Animate Armour           Summ/Erth      0%         N/A       100%        4
 Fulminant Prism          Conj/Hex       0%         3d6       100%        4
 Petrify                  Tmut/Erth      0%         N/A       100%        4
 Lee's Rapid Deconstruct  Erth           0%         3d5*      100%        5
 Spellforged Servitor     Conj/Summ      0%         N/A       100%        7


Dungeon Overview and Level Annotations

Branches:
Dungeon (3/15)

Altars:


Innate Abilities, Weirdness & Mutations

You cannot be hasted, slowed, berserked, paralysed or teleported.
You can dig through walls and to a lower floor.
You have a pair of large antennae on your head. (SInv)
Your four strong arms can wield two-handed weapons with a shield.


Message History

A ball python is nearby!
A ball python is nearby!
A ball python is nearby!
b - a +0 hunting sling (weapon)
You shoot a stone. The stone hits the jelly.
The jelly is lightly wounded.
You shoot a stone. The stone hits the ball python.
The ball python is moderately wounded.
There is an open door here.
The ball python bites you. The ball python barely misses you.
a - a +1 spear (weapon)
The ball python closely misses you. The ball python barely misses you.
You barely miss the ball python.
The ball python bites you but does no damage.
The ball python grabs you. The ball python constricts you.
You puncture the ball python!
You kill the ball python!
Lugonu accepts your kill.
You hit the jelly but do no damage. The acid corrodes you!
Your hands burn!
The jelly is lightly wounded.
The jelly hits you but does no damage.
You hit the jelly.
Your hands burn!
The jelly is moderately wounded.
The jelly hits you but does no damage.
You hit the jelly.
Your hands burn!
The jelly is heavily wounded.
The jelly hits you. The acid corrodes you!
You are splashed with acid.
You hit the jelly.
Your hands burn!
The jelly is severely wounded.
The jelly hits you. The acid corrodes you!
You are splashed with acid.
You hit the jelly but do no damage. The acid corrodes you!
Your hands burn!
The jelly is severely wounded.
The jelly barely misses you.
You hit the jelly. The acid corrodes you!
Your hands burn!
* * * LOW HITPOINT WARNING * * *
The jelly is severely wounded.
The jelly hits you.
* * * LOW HITPOINT WARNING * * *
You are splashed with acid!
You die...

..#.##.#..
♣...........♣
..+...>#.# ♣.♣
..#.##.#.# ##'#
..#.##.#.# #..#
..#.##.#.#######.##
..#.#.............#
....#.......####.##
....#.......+ #J#
....#.......+###@#
#########........#
####........#
#≈≈##........# #
#≈≈# ####'###.# ##
≈≈## #.###.#
.##≈≈≈# #.....#
.#≈≈≈##.# #######
≈≈≈≈≈≈≈.#


You could see a jelly.

Vanquished Creatures
  A gnoll (D:1)
  2 adders
  4 dart slugs
  3 ball pythons
  6 endoplasms
  2 giant cockroaches
  5 goblins
  8 hobgoblins
  4 jackals (D:3)
  2 quokkas
  A bat (D:1)
  2 frilled lizards (D:3)
  5 kobolds
  5 rats
50 creatures vanquished.

Vanquished Creatures (others)
  A plant (D:3)
1 creature vanquished.

Grand Total: 51 creatures vanquished

Notes
Turn   | Place    | Note
-------+----------+-------------------------------------------
     0 | Abyss:1  | oldriver the Formicid Abyssal Knight began the quest for
                  | the Orb.
     0 | Abyss:1  | Reached XP level 1. HP: 18/18 MP: 2/2
   107 | Abyss:1  | Noticed a great orb of eyes
   109 | D:1      | Escaped the Abyss
   362 | D:1      | Reached XP level 2. HP: 24/24 MP: 3/3
   579 | D:1      | Reached skill level 4 in Fighting
   579 | D:1      | Reached XP level 3. HP: 2/30 MP: 4/4
   905 | D:1      | Found a faded altar of an unknown god.
  1084 | D:1      | Reached * piety under Lugonu
  1614 | D:2      | Reached XP level 4. HP: 22/37 MP: 5/5
  1872 | D:2      | Got the Reference Book on Calling and Stones
  2950 | D:3      | Splashed by a jelly's acid

Illustrated notes

Levels and vault maps discovered:
D:1:      giann_forest_graveyard, layout_loops_ring,
          hellmonk_ecumenical_altar_arch_garden
D:2:      layout_loops_cross, hangedman_glass_teeth
D:3:      layout_basic, chequers_big_river, kennysheep_generic_room_16

Skill      XL: |  1  2  3 |
---------------+----------+-----
Fighting       | 4 |  4.7
Polearms       | 3 |  3.5
Armour         | |  2.1
Dodging        | |  0.8
Invocations    | |  2.1

Action                   |  1- 3 |  4- 6 || total
-------------------------+-------+-------++-------
Melee: Spear             |    84 |    77 ||   161
       Punch             |     2 |       ||     2
 Fire: Hunting sling     |       |    36 ||    36
Throw: Stone             |     2 |     7 ||     9
Invok: Depart the Abyss  |     1 |       ||     1
Armor: Leather armour    |    13 |       ||    13
       Plate armour      |    24 |    49 ||    73
Dodge: Dodged            |    24 |    20 ||    44
